 Dungeon Crawl Stone Soup version 0.22-a0-248-gc8378ba (webtiles) character file.

212 sankara the Cudgeler (level 5, -2/45 HPs)
             Began as a Hill Orc Monk on Feb 28, 2018.
             Slain by a bullfrog skeleton (4 damage)
             ... on level 4 of the Dungeon.
             The game lasted 00:06:55 (3393 turns).

sankara the Cudgeler (Hill Orc Monk)                Turns: 3393, Time: 00:06:56

Health: -2/45      AC:  6    Str: 14    XL:     5   Next: 90%
Magic:  5/5        EV: 12    Int: 11    God:
Gold:   176        SH:  0    Dex: 13    Spells: 4/4 levels left

rFire    . . .     SeeInvis .   a - +0 whip (drain)
rCold    . . .     Gourm    .   (no shield)
rNeg     . . .     Faith    .   m - +0 leather armour
rPois    +         Spirit   .   b - +2 hat
rElec    .         Reflect  .   (no cloak)
rCorr    .         Harm     .   (no gloves)
MR       .....                  d - +0 pair of boots
Stlth    ++........             (no amulet)
HPRegen  0.15/turn              e - ring of flight {+Fly, !d}
MPRegen  0.09/turn              p - ring of poison resistance {rPois, !d}

@: drained
A: no striking features
a: Evoke Flight


You were on level 4 of the Dungeon.
You were not hungry.

You visited 1 branch of the dungeon, and saw 4 of its levels.

You collected 176 gold pieces.

Inventory:

Hand Weapons
 a - a +0 whip of draining (weapon)
   (You took it off a kobold on level 3 of the Dungeon)
Missiles
 k - 123 stones (quivered)
 l - 3 tomahawks
Armour
 b - a +2 hat (worn)
   (You found it on level 2 of the Dungeon)
 d - a +0 pair of boots (worn)
   (You found it on level 1 of the Dungeon)
 m - a +0 leather armour (worn)
   (You took it off an orc on level 2 of the Dungeon)
Jewellery
 e - a ring of flight (left hand) {+Fly, !d}
   (You found it on level 1 of the Dungeon)
 p - a ring of poison resistance (right hand) {rPois, !d}
   (You found it on level 3 of the Dungeon)
Scrolls
 f - a scroll of random uselessness {unknown}
 g - 5 scrolls of identify {unknown}
 h - 2 scrolls of remove curse {unknown}
 i - a scroll of blinking {unknown}
 j - 2 scrolls of amnesia {unknown}
 n - a scroll of enchant armour {unknown}
 q - a scroll of fog {unknown}
Potions
 o - a potion of brilliance {unknown}
 s - a potion of flight {unknown}
Comestibles
 c - 7 rations
 r - 4 chunks of flesh {@w0}


   Skills:
 - Level 3.6(3.5) Fighting
 + Level 7.0(6.9) Maces & Flails
 - Level 2.4(2.3) Dodging
 - Level 1.5 Stealth


You had 4 spell levels left.
You didn't know any spells.

Dungeon Overview and Level Annotations

Branches:
Dungeon (4/15)
 Temple: D:4-7

Altars:
Vehumet

Shops:
D:4 !


Message History

The orc wizard casts a spell.
The orc wizard flickers and vanishes!
Deactivating autopickup; reactivate with Ctrl-A.
You closely miss something. You hit the bullfrog skeleton.
The bullfrog skeleton is lightly damaged.
The bullfrog skeleton closely misses you.
Something hits you but does no damage.
You hit the bullfrog skeleton.
The bullfrog skeleton is moderately damaged.
The bullfrog skeleton closely misses you.
Something hits you.
The orc wizard gestures wildly while chanting.
The orc wizard seems to speed up.
An orc priest comes into view.
The orc priest shouts, "Beogh is our master!
Accept the truth or die!" (press Y on the ability menu to convert to Beogh)
You barely miss the bullfrog skeleton.
The bullfrog skeleton is moderately damaged.
The bullfrog skeleton hits you but does no damage.
You hit the orc wizard but do no damage.
You drain the orc wizard!
The orc wizard is lightly wounded.
The bullfrog skeleton hits you.
The orc priest begins to cast a cantrip, but forgets the words!
You barely miss the orc wizard.
The orc wizard is lightly wounded.
The bullfrog skeleton hits you.
The orc wizard hits you but does no damage.
You hit the orc wizard.
The orc wizard is moderately wounded.
The orc wizard gestures at you while chanting.
The magic dart hits you! The bullfrog skeleton misses you.
The orc wizard hits you but does no damage.
You hit the orc wizard.
The orc wizard is severely wounded.
The bullfrog skeleton hits you but does no damage.
The orc wizard hits you but does no damage.
You hit the orc wizard but do no damage.
You drain the orc wizard!
The orc wizard is almost dead.
The bullfrog skeleton closely misses you.
The orc wizard casts a spell.
The orc wizard blinks!
The orc priest threatens, "By the altar or by the axe, you will meet Beogh!"
You closely miss the orc priest.
The bullfrog skeleton hits you but does no damage.
The orc priest barely misses you.
An orc wizard comes into view. It is wielding a dagger.
You barely miss the orc priest. The bullfrog skeleton misses you.
The orc priest shouts, "Surrender to Beogh and we'll let you live!"
You hit the orc priest.
The orc priest is moderately wounded.
The bullfrog skeleton barely misses you.
The orc priest calls down the wrath of Beogh upon you.
Pain shoots through your body!
The orc wizard gestures wildly while chanting.
The orc wizard seems to speed up.
You hear a shout!
You hit the orc priest.
The orc priest is heavily wounded.
The orc priest shouts, "Join the one true god or die!"
The bullfrog skeleton hits you. The orc priest hits you.
You closely miss the orc priest.
The orc priest shouts, "Surrender to Beogh and we'll let you live!"
The orc priest is heavily wounded.
The bullfrog skeleton hits you but does no damage.
You hit the orc priest.
The orc priest is severely wounded.
The orc priest hits you.
The bullfrog skeleton hits you but does no damage.
You hit the orc priest. You drain the orc priest!
The orc priest shouts, "Join the one true god or die!"
The orc priest is almost dead.
The bullfrog skeleton hits you.
* * * LOW HITPOINT WARNING * * *
The orc priest closely misses you.
You barely miss the orc priest.
The orc priest is almost dead.
The bullfrog skeleton hits you.
* * * LOW HITPOINT WARNING * * *
The orc priest mumbles some strange prayers to Beogh against you.
Pain shoots through your body!
* * * LOW HITPOINT WARNING * * *
You completely miss the orc priest.
The orc priest is almost dead.
The orc priest shouts, "Beogh is our master!
Accept the truth or die!"
The bullfrog skeleton barely misses you.
The orc priest threatens, "By the altar or by the axe, you will meet Beogh!"
The orc priest shouts, "Join the one true god or die!"
You hit the orc priest.
You kill the orc priest!
Your base Maces & Flails skill increases to level 7!
The bullfrog skeleton hits you.
* * * LOW HITPOINT WARNING * * *
The bullfrog skeleton hits you.
* * * LOW HITPOINT WARNING * * *
The orc wizard mumbles some strange words.
The orc wizard blinks!
The bullfrog skeleton hits you.
You die...

######{# ##.
#...##.##.....
#'#...........
##∩#..####.##..
####..# # ##.....#
#....§.# #o....Z#
#.....@# ####+..#
#...# #...# #####
#...# #...#
#...#########...#.#
#...............#.##
#......######.###...
#...##.# #.# #...


You could see an orc wizard and a bullfrog skeleton.

Vanquished Creatures
  An orc priest (D:4)
  Natasha (thrice) (D:3)
  3 adders
  2 worms
  2 dart slugs
  4 leopard geckos
  8 orcs
  3 giant cockroaches
  6 goblins
  8 hobgoblins
  2 jackals (D:4)
  A quokka (D:3)
  A ball python (D:1)
  7 bats
  5 frilled lizards
  5 kobolds
  3 rats (D:1)
64 creatures vanquished.

Notes
Turn   | Place    | Note
-------+----------+-------------------------------------------
     0 | D:1      | sankara the Hill Orc Monk began the quest for the Orb.
     0 | D:1      | Reached XP level 1. HP: 19/19 MP: 1/1
   399 | D:1      | Reached XP level 2. HP: 20/26 MP: 2/2
   479 | D:1      | Reached skill level 4 in Maces & Flails
   931 | D:2      | Reached XP level 3. HP: 29/31 MP: 3/3
  1631 | D:2      | Reached skill level 5 in Maces & Flails
  1869 | D:2      | Reached XP level 4. HP: 34/39 MP: 4/4
  2330 | D:3      | Noticed Natasha
  2339 | D:3      | Killed Natasha
  2383 | D:3      | Noticed Natasha
  2466 | D:3      | Killed Natasha
  2466 | D:3      | Reached skill level 6 in Maces & Flails
  2466 | D:3      | Reached XP level 5. HP: 27/45 MP: 5/5
  2606 | D:3      | Noticed Natasha
  2611 | D:3      | Killed Natasha
  2855 | D:3      | Found a radiant altar of Vehumet.
  3346 | D:4      | Found Untitaicw's Distillery.
  3384 | D:4      | HP: 11/45 [bullfrog skeleton (1)]
  3384 | D:4      | HP: 5/45 [orc priest/nerve-wracking pain (6)]
  3387 | D:4      | Reached skill level 7 in Maces & Flails
  3389 | D:4      | HP: 2/45 [bullfrog skeleton (2)]
  3393 | D:4      | Slain by a bullfrog skeleton

Vault maps used:
D:1:      saegor_arrival_simple_b, minmay_misc_feat_alley
D:3:      lemuel_statue_altar, uniq_natasha
D:4:      nicolae_overflow_hidden_temple, serial_shops, kennysheep_mini,
          nicolae_shop_window_shopping

Skill      XL: |  1  2  3  4  5 |
---------------+----------------+-----
Maces & Flails | 4 5 6 7 |  7.0
Fighting       | |  3.6
Dodging        | |  2.4
Stealth        | |  1.5

Action                   |  1- 3 |  4- 6 || total
-------------------------+-------+-------++-------
Melee: Mace              |   122 |    37 ||   159
       Whip              |       |    79 ||    79
 Stab: Sleeping          |     3 |       ||     3
  Eat: Chunk             |     3 |     5 ||     8
Armor: Robe              |    14 |       ||    14
       Leather armour    |    11 |    35 ||    46
Dodge: Dodged            |    74 |    68 ||   142

Table legend:
 A = Spawn XP
 B = Non-spawn XP
 C = Spawn XP percentage of total XP
 D = Spawn monster count
 E = Non-spawn monster count
 F = Spawn count percentage of total count
 G = Total turns spent on level
                    A         B        C        D         E        F      G
               +---------+---------+-------+---------+---------+-------+---------
         Total |       0 |     304 |   0.0 |       0 |      64 |   0.0 |  3393
               +---------+---------+-------+---------+---------+-------+---------
           D:1 |       0 |      27 |   0.0 |       0 |      17 |   0.0 |   924
           D:2 |       0 |      72 |   0.0 |       0 |      24 |   0.0 |  1222
           D:3 |       0 |     128 |   0.0 |       0 |      14 |   0.0 |   951
           D:4 |       0 |      77 |   0.0 |       0 |       9 |   0.0 |   296
               +---------+---------+-------+---------+---------+-------+---------

Vault maps used:
D:1:      saegor_arrival_simple_b, minmay_misc_feat_alley
D:3:      lemuel_statue_altar, uniq_natasha
D:4:      nicolae_overflow_hidden_temple, serial_shops, kennysheep_mini,
          nicolae_shop_window_shopping

Table legend:
 A = Turns spent in this place as a percentage of turns spent in the entire game.
 B = Non-inter-level travel turns spent in this place as a percentage of non-inter-level travel turns spent in the entire game.
 C = Inter-level travel turns spent in this place as a percentage of turns spent in this place.
 D = Turns resting spent in this place as a percentage of non-inter-level travel turns spent in this place.
 E = Turns spent auto-exploring this place as a percentage of non-inter-level travel turns spent in this place.
 F = Non-inter-level travel turns spent in this place divided by the number of levels of this place that you've seen.
                   A       B       C       D       E      F
               +-------+-------+-------+-------+-------+----------------------
         Total | 100.0 | 100.0 |   2.9 |  29.2 |  52.1 | 824.0
       Dungeon | 100.0 | 100.0 |   2.9 |  29.2 |  52.1 | 824.0
               +-------+-------+-------+-------+-------+----------------------

Table legend:
 A = Kills in this place as a percentage of kills in entire the game.
 B = Kills by you in this place as a percentage of kills by you in the entire game.
 C = Kills by friends in this place as a percentage of kills by friends in the entire game.
 D = Other kills in this place as a percentage of other kills in the entire game.
 E = Experience gained in this place as a percentage of experience gained in the entire game.
 F = Experience gained in this place divided by the number of levels of this place that you have seen.
                   A       B       C       D       E      F
               +-------+-------+-------+-------+-------+----------------------
         Total | 100.0 | 100.0 |   N/A |   N/A | 100.0 |  76.0
       Dungeon | 100.0 | 100.0 |   N/A |   N/A | 100.0 |  76.0
               +-------+-------+-------+-------+-------+----------------------
